 Dungeon Crawl Stone Soup version 0.30.0-29-ga12c61a403 (webtiles) character file.

Game seed: 6624316699461363866

553 qw the Chopper (level 7, -1/43 HPs)
             Began as a Gargoyle Fighter on June 3, 2023.
             Slain by a gnoll bouda
             ... wielding a +1 whip of flaming
              (2 damage)
             ... on level 5 of the Dungeon.
             The game lasted 00:01:55 (3709 turns).

qw the Chopper (Gargoyle Fighter)                   Turns: 3709, Time: 00:01:55

Health: -1/43      AC: 24    Str: 22 (24) XL:     7   Next: 29%
Magic:  7/7        EV:  8    Int:  9      God:
Gold:   238        SH:  4    Dex:  9      Spells: 6/6 levels left

rFire   . . .        Y - +3 war axe (protect)
rCold   . . .        c - +0 buckler
rNeg    + + .        e - +0 chain mail
rPois   inf          (helmet restricted)
rElec   +            j - +0 cloak
rCorr   .            a - +0 pair of gloves
SInv    .            i - +0 pair of boots
Will    .....        k - amulet of faith Stlth
                     o - ring "Noig" {rN+ Str+3}
HPRegen 0.27/turn    (no ring)
MPRegen 0.10/turn

%: faith
@: under a protective aura
A: sickness immunity, AC +4, negative energy resistance 1, electricity
resistance, torment resistance 1, petrification resistance, antennae 1
a: no special abilities


You were on level 5 of the Dungeon.
You visited 1 branch of the dungeon, and saw 5 of its levels.

You collected 238 gold pieces.


Innate Abilities, Weirdness & Mutations

You are immune to sickness and miasma.
Your stone body is resilient. (AC +4)
You are immune to poison.
You resist negative energy. (rN+)
You are resistant to electric shocks. (rElec)
You are resistant to unholy torment.
You are immune to petrification.
You have a pair of small antennae on your head.


   Skills:
 - Level 4.2 Fighting
 + Level 6.2 Axes
 - Level 3.2 Armour
 - Level 1.9 Dodging
 - Level 3.2 Shields


You had 6 spell levels left.
You didn't know any spells.
Your spell library was empty.

Inventory:

Hand Weapons
 v - a +0 flail
 Y - a +3 war axe of protection (weapon)
Armour
 a - a +0 pair of gloves (worn)
 c - a +0 buckler (worn)
 e - a +0 chain mail (worn)
 i - a +0 pair of boots (worn)
 j - a +0 cloak (worn)
Jewellery
 k - an amulet of faith (around neck)
 o - the ring "Noig" (left hand) {rN+ Str+3}
   (You found it on level 2 of the Dungeon)

   [ring of positive energy]

   Str:       It affects your strength (+3).
   rN:        It protects you from negative energy.
Scrolls
 n - a scroll of identify
Potions
 d - a potion of might
 h - a potion of curing
 l - a potion of brilliance {unknown}
 m - a potion of haste
 p - 2 potions of mutation
 q - a potion of heal wounds {unknown}

Dungeon Overview and Level Annotations

Branches:
Dungeon (5/15)
 Temple: D:4-7

Altars:

Annotations:
D:2 1 runed translucent door, Crazy Yiuf


Message History

The gnoll hits you from afar with a +0 halberd.
You barely miss the gnoll bouda.
The gnoll bouda is moderately wounded.
You barely miss the gnoll. You block the gnoll bouda's attack.
The gnoll hits you but does no damage. The gnoll hits you with a +0 whip.
The gnoll bouda hits you but does no damage.
The gnoll hits you from afar with a +0 halberd!
The gnoll hits you but does no damage.
You closely miss the gnoll bouda.
The gnoll bouda is moderately wounded.
You hit the gnoll.
The gnoll bouda hits you but does no damage.
The gnoll hits you but does no damage. The gnoll barely misses you.
You hit the gnoll but do no damage.
The gnoll is heavily wounded.
You closely miss the gnoll bouda.
The gnoll bouda hits you but does no damage.
The gnoll closely misses you. x2
You hit the gnoll.
The gnoll is heavily wounded.
You closely miss the gnoll bouda.
The gnoll bouda hits you but does no damage.
The gnoll hits you but does no damage. The gnoll hits you with a +0 whip!
You slash the gnoll!
You kill the gnoll!
You slash the gnoll bouda!
The gnoll bouda hits you but does no damage.
You block the gnoll's attack.
You hit the gnoll bouda.
The gnoll bouda is severely wounded.
The gnoll bouda barks out a call to the hunt!
The gnoll picks up the pace!
The gnoll hits you from afar with a +0 halberd.
The gnoll hits you but does no damage. The gnoll bouda closely misses you.
You barely miss the gnoll bouda.
The gnoll bouda is severely wounded.
The gnoll bouda hits you with a +1 whip of flaming.
The gnoll bouda burns you.
You die...

#.#.# #.#.#####
#.#.....!
#........
#........ ####
#g.......
.....##.)......
......g@)..#
....?##...##
### #...#
#######..##
#........# #.
#>#####.##
#...##.#####..+
#
#....%....##.##
#
######.##.##.#


You could see a gnoll bouda and a gnoll (swift).

Vanquished Creatures
  2 water moccasins (D:5)
  2 jellies (D:4)
  An orc priest (D:4)
  4 orc wizards
  5 adders
  2 gnolls (D:5)
  2 worms
  A dart slug (D:1)
  11 orcs
  3 ball pythons
  8 endoplasms
  3 giant cockroaches
  4 goblins
  2 hobgoblins (D:1)
  10 jackals
  9 kobolds
  4 quokkas
  7 bats
  5 frilled lizards
  5 rats (D:1)
90 creatures vanquished.

Notes
Turn   | Place    | Note
-------+----------+-------------------------------------------
     0 | D:1      | qw the Gargoyle Fighter began the quest for the Orb.
     0 | D:1      | Reached XP level 1. HP: 14/14 MP: 1/1
     0 | D:1      | 0 ||| qw: Version: 0.2-a-103-g5a998e5
     0 | D:1      | 0 ||| qw: Game counter: 1013
     0 | D:1      | 0 ||| qw: Always use a shield: true
     0 | D:1      | 0 ||| qw: God list: Okawaru
     0 | D:1      | 0 ||| qw: Allow faded altars: false
     0 | D:1      | 0 ||| qw: Do Orc after D:15 true
     0 | D:1      | 0 ||| qw: Do second Lair branch before Depths: true
     0 | D:1      | 0 ||| qw: Lair rune preference: random
     0 | D:1      | 0 ||| qw: Plans: Normal, Zot:1-4, Slime:5, God:TSO, Crypt,
                  | Tomb, Pan, Hells, Abyss, Win
     0 | D:1      | 0 ||| PLANNING D:1-11
   126 | D:1      | Reached skill level 2 in Axes
   137 | D:1      | 137 ||| Stepping ~*~*~tactically~*~*~ (stealth).
   152 | D:1      | Reached XP level 2. HP: 19/19 MP: 2/2
   220 | D:1      | 220 ||| Stepping ~*~*~tactically~*~*~ (hiding).
   314 | D:1      | Reached skill level 3 in Axes
   355 | D:1      | Reached XP level 3. HP: 23/23 MP: 3/3
   571 | D:1      | 571 ||| Stepping ~*~*~tactically~*~*~ (stealth).
   728 | D:1      | 728 ||| UPGRADING to +0 pair of boots.
   733 | D:1      | 733 ||| UPGRADING to amulet of faith.
   738 | D:1      | 738 ||| READING scroll labelled UTASOF GEEGORA.
   739 | D:1      | 739 ||| READING scroll labelled COHUGG MOUFFI.
   740 | D:1      | 740 ||| READING scroll labelled BATTOI TIZXY.
   741 | D:1      | 741 ||| DRINKING 3 lumpy amethyst potions.
   792 | D:2      | 792 ||| Stepping ~*~*~tactically~*~*~ (stealth).
   793 | D:2      | 793 ||| Stepping ~*~*~tactically~*~*~ (stealth).
   794 | D:2      | 794 ||| Stepping ~*~*~tactically~*~*~ (stealth).
  1012 | D:2      | Found a faded altar of an unknown god.
  1023 | D:2      | Identified the ring "Noig" {rN+ Str+3}
  1227 | D:2      | Found a runed translucent door.
  1228 | D:2      | Noticed Crazy Yiuf
  1281 | D:2      | 1281 ||| UPGRADING to +0 pair of gloves.
  1286 | D:2      | 1286 ||| UPGRADING to +0 helmet.
  1291 | D:2      | 1291 ||| UPGRADING to ring "Noig" {rN+ Str+3}.
  1292 | D:2      | 1292 ||| READING scroll labelled NUURHE SU TEB.
  1293 | D:2      | 1293 ||| READING scroll labelled VOMIOPRICI.
  1317 | D:2      | 1317 ||| READING 3 scrolls labelled AGAOFA ZISOE.
  1318 | D:2      | 1318 ||| READING 2 scrolls of enchant weapon.
  1318 | D:2      | 1318 ||| ENCHANTING +1 war axe.
  1319 | D:2      | 1319 ||| READING scroll of enchant weapon.
  1319 | D:2      | 1319 ||| ENCHANTING +2 war axe.
  1320 | D:2      | 1320 ||| DRINKING 2 coppery potions.
  1320 | D:2      | Gained mutation: You possess an exceptional clarity of
                  | mind. [potion of mutation]
  1320 | D:2      | Gained mutation: You have a pair of small antennae on your
                  | head. [potion of mutation]
  1320 | D:2      | Lost mutation: You possess an exceptional clarity of mind.
                  | [potion of mutation]
  1321 | D:2      | 1321 ||| DROPPING +0 helmet.
  1360 | D:3      | 1360 ||| Stepping ~*~*~tactically~*~*~ (stealth).
  1361 | D:3      | 1361 ||| Stepping ~*~*~tactically~*~*~ (stealth).
  1362 | D:3      | 1362 ||| Stepping ~*~*~tactically~*~*~ (stealth).
  1376 | D:3      | 1376 ||| DRINKING 2 potions of curing.
  1376 | D:3      | 1376 ||| (to cure confusion)
  1383 | D:3      | Reached skill level 4 in Axes
  1383 | D:3      | Reached XP level 4. HP: 27/28 MP: 4/4
  1711 | D:3      | Reached XP level 5. HP: 30/32 MP: 5/5
  2001 | D:3      | 2001 ||| Stepping ~*~*~tactically~*~*~ (stealth).
  2011 | D:3      | 2011 ||| Stepping ~*~*~tactically~*~*~ (stealth).
  2077 | D:3      | 2077 ||| UPGRADING to +0 chain mail.
  2087 | D:3      | 2087 ||| DROPPING +0 scale mail.
  2088 | D:3      | 2088 ||| UPGRADING to +0 cloak.
  2093 | D:3      | 2093 ||| READING scroll labelled COQOAL ZIPLYISCH.
  2111 | D:3      | 2111 ||| DRINKING 2 fuming yellow potions.
  2112 | D:3      | 2112 ||| DRINKING 2 bubbling puce potions.
  2113 | D:3      | 2113 ||| DROPPING potion of degeneration.
  2153 | D:4      | 2153 ||| Stepping ~*~*~tactically~*~*~ (stealth).
  2176 | D:4      | Reached skill level 5 in Axes
  2188 | D:4      | 2188 ||| Stepping ~*~*~tactically~*~*~ (stealth).
  2481 | D:4      | 2481 ||| DRINKING 2 potions of curing.
  2481 | D:4      | 2481 ||| (to cure confusion)
  2482 | D:4      | 2482 ||| FLEEEEING.
  2483 | D:4      | 2483 ||| FLEEEEING.
  2484 | D:4      | 2484 ||| FLEEEEING.
  2485 | D:4      | 2485 ||| FLEEEEING.
  2486 | D:4      | 2486 ||| FLEEEEING.
  2489 | D:4      | 2489 ||| FLEEEEING.
  2490 | D:4      | 2490 ||| FLEEEEING.
  2491 | D:4      | 2491 ||| FLEEEEING.
  2498 | D:4      | Reached XP level 6. HP: 35/38 MP: 6/6
  2718 | D:4      | 2718 ||| Stepping ~*~*~tactically~*~*~ (hiding).
  2783 | D:4      | 2783 ||| Stepping ~*~*~tactically~*~*~ (stealth).
  3268 | D:4      | 3268 ||| DROPPING +0 mace.
  3396 | D:4      | 3396 ||| READING scroll labelled UMASKAIQEH.
  3397 | D:4      | 3397 ||| READING scroll labelled DOESUIN GIROIC.
  3398 | D:4      | 3398 ||| READING scroll labelled HOUSMA RIAR.
  3399 | D:4      | 3399 ||| READING scroll labelled AXKIAPPEORA.
  3400 | D:4      | 3400 ||| READING 2 scrolls of identify.
  3400 | D:4      | 3400 ||| IDENTIFYING emerald potion
  3401 | D:4      | 3401 ||| DROPPING potion of magic.
  3415 | D:5      | Entered Level 5 of the Dungeon
  3419 | D:5      | Noticed a water moccasin
  3420 | D:5      | 3420 ||| Stepping ~*~*~tactically~*~*~ (stealth).
  3428 | D:5      | Killed a water moccasin
  3429 | D:5      | Reached skill level 6 in Axes
  3430 | D:5      | Reached XP level 7. HP: 43/43 MP: 7/7
  3469 | D:5      | HP: 6/43 [ice beast (6)]
  3470 | D:5      | 3470 ||| READING scroll of teleportation.
  3525 | D:5      | 3525 ||| Stepping ~*~*~tactically~*~*~ (stealth).
  3578 | D:5      | Reached skill level 1 in Dodging
  3706 | D:5      | HP: 5/43 [gnoll/+0 whip[a gnoll bouda] (7)]
  3709 | D:5      | HP: 1/43 [gnoll bouda/+1 whip of flaming (4)]
  3709 | D:5      | Slain by a gnoll bouda

Levels and vault maps discovered:
D:1:      onia_arrival_mini_spirals, layout_rooms, minivault_19,
          minmay_indecisive_spiral
D:2:      minmay_spotlight, layout_rooms, ebering_ecumenical_altar_webs,
          uniq_crazy_yiuf_cottage
D:3:      layout_basic
D:4:      layout_layer_cave
D:5:      layout_loops_cross, gammafunk_temple_overflow_pools

Skill      XL: |  1  2  3  4  5  6  7 |
---------------+----------------------+-----
Axes           | 2 3 4 5 6 |  6.2
Fighting       | 4 |  4.2
Dodging        | 1 |  1.9
Armour         | |  3.2
Shields        | |  3.2

Action                     |  1- 3 |  4- 6 |  7- 9 || total
---------------------------+-------+-------+-------++-------
  Melee: War axe           |   119 |   117 |    47 ||   283
  Throw: Boomerang         |       |     6 |       ||     6
    Use: Scroll            |     8 |     6 |     1 ||    15
         Potion            |     3 |     3 |       ||     6
 Armour: Scale mail        |    70 |    21 |       ||    91
         Chain mail        |       |    38 |    36 ||    74
  Dodge: Dodged            |    49 |    39 |    24 ||   112
  Block: Buckler           |    22 |    19 |     8 ||    49

Table legend:
 A = Non-vault XP
 B = Vault XP
 C = Vault XP percentage of total XP
 D = Non-vault monster count
 E = Vault monster count
 F = Vault count percentage of total count
                 A         B        C        D         E       F
            +---------+---------+-------+---------+---------+-------
      Total |     775 |      16 |   2.0 |      83 |       7 |   7.8
            +---------+---------+-------+---------+---------+-------
        D:1 |      39 |       7 |  15.2 |      24 |       4 |  14.3
        D:2 |      11 |       9 |  45.0 |       7 |       3 |  30.0
        D:3 |     130 |       0 |   0.0 |      19 |       0 |   0.0
        D:4 |     264 |       0 |   0.0 |      26 |       0 |   0.0
        D:5 |     331 |       0 |   0.0 |       7 |       0 |   0.0
            +---------+---------+-------+---------+---------+-------
